 Dungeon Crawl Stone Soup version 0.31-a0-1074-g0b22e4e0f1 (webtiles) character file.

Game seed: 2580239386409344545

301 Hubris850 the Ruffian (level 6, -5/34 HPs)
             Began as a Gargoyle Shapeshifter on Nov 27, 2023.
             Was a Follower of Yredelemnul.
             Splashed by a jelly's acid (8 damage)
             ... on level 4 of the Dungeon.
             The game lasted 00:08:08 (2563 turns).

Hubris850 the Ruffian (Gargoyle Shapeshifter)       Turns: 2563, Time: 00:08:08

Health: -5/34      AC: -6    Str: 19    XL:     6   Next: 37%
Magic:  8/8        EV: 10    Int: 11    God:    Yredelemnul [*.....]
Gold:   81         SH:  0    Dex:  9    Spells: 6/8 levels left

rFire   . .          .
                       - Unarmed
rCold   . . .        (no shield)
rNeg    + . .        j - +0 ring mail
rPois   ∞            (helmet currently unavailable)
rElec   +            (cloak currently unavailable)
rCorr   .            (gloves currently unavailable)
SInv    .            (boots currently unavailable)
Will    .....        n - amulet of the acrobat Stlth
                     (no ring)
HPRegen 0.25/turn    (no ring)
MPRegen 0.11/turn

%: acrobat
@: beast-form, corroded
A: beast (slay +2), sickness immunity, AC +4, negative energy resistance 1,
electricity resistance, torment resistance 1, petrification resistance
a: Begin Untransformation, Renounce Religion, Recall Undead Harvest


You were on level 4 of the Dungeon.
You worshipped Yredelemnul.
Yredelemnul was noncommittal.
You were a hulking beast.
You visited 1 branch of the dungeon, and saw 4 of its levels.

You collected 81 gold pieces.

Inventory:

Missiles
 t - a throwing net
Armour
 a - a +0 animal skin
 g - a +0 leather armour
 j - a +0 ring mail (worn)
Jewellery
 n - an amulet of the acrobat (around neck)
Talismans
 c - a beast talisman
 d - a flux talisman
Wands
 l - a wand of polymorph (10)
 u - a wand of digging (9)
 x - a wand of quicksilver (6)
Scrolls
 e - a scroll of noise {unknown}
 f - a scroll of fear {unknown}
 m - a scroll of enchant weapon {unknown}
 p - 2 scrolls of torment {unknown}
 q - 2 scrolls of identify {unknown}
 r - a scroll of amnesia {unknown}
 s - a scroll of enchant armour {unknown}
 v - a scroll of vulnerability {unknown}
Potions
 b - a potion of lignification
 h - 2 potions of attraction {unknown}
 i - a potion of haste {unknown}
 k - 3 potions of heal wounds {unknown}
 o - a potion of curing {unknown}
 w - a potion of ambrosia {unknown}


   Skills:
 - Level 1.1 Fighting
 - Level 1.5 Dodging
 + Level 4.5 Unarmed Combat
 + Level 1.9 Spellcasting
 - Level 1.0 Air Magic
 + Level 2.1 Poison Magic
 + Level 3.6 Shapeshifting


You had 6 spell levels left.
You knew the following spells:

 Your Spells              Type           Power      Damage    Failure   Level
a - Poisonous Vapours     Pois/Air       8%         N/A       38%         2

Your spell library contained the following spells:

 Spells                   Type           Power      Damage    Failure   Level
 Sting                    Tmut/Pois      12%        1d3       32%         1
 Apportation              Tloc           2%         N/A       45%         1
 Freeze                   Ice            4%         1d3       45%         1
 Necrotise                Necr           4%         1d4       45%         1
 Summon Small Mammal      Summ           4%         N/A       45%         1
 Frozen Ramparts          Ice            2%         1d1       83%         3
 Hailstorm                Conj/Ice       1%         3d3       83%         3
 Vampiric Draining        Necr           1%         2d6       83%         3
 Olgreb's Toxic Radiance  Pois           5%         N/A       91%         4
 Agony                    Necr           1%         N/A       100%        5


Dungeon Overview and Level Annotations

Branches:
Dungeon (4/15)
 Temple: D:4-7

Altars:
Trog
Yredelemnul

Shops:
D:3 !


Innate Abilities, Weirdness & Mutations

You are a hulking beast.
Your limbs bulge with bestial killing power. (Slay +2)
You are immune to sickness and miasma.
Your stone body is resilient. (AC +4)
You are immune to poison.
You resist negative energy. (rN+)
You are resistant to electric shocks. (rElec)
You are resistant to unholy torment.
You are immune to petrification.


Message History

The adder is severely wounded.
The adder barely misses you.
Your adder zombie bites the adder.
The adder closely misses you.
You barely miss the adder.
The adder is almost dead.
Your adder zombie misses the adder.
The adder bites you.
You hit the adder but do no damage.
The adder is severely wounded.
The jelly jiggles.
The adder barely misses you.
Your adder zombie barely misses the adder.
You miss the adder.
The adder is severely wounded.
The adder barely misses you.
Your adder zombie bites the adder but does no damage.
You barely miss the adder.
The adder is severely wounded.
The adder bites you.
* * * LOW HITPOINT WARNING * * *
Your adder zombie misses the adder.
You miss the adder. Your punch misses the adder.
The adder is severely wounded.
The adder bites you.
* * * LOW HITPOINT WARNING * * *
Your adder zombie closely misses the adder.
The adder barely misses you.
You closely miss the adder.
The adder is severely wounded.
Your adder zombie bites the adder.
The adder dies!
You punch the jelly!
Your hands burn!
* * * LOW HITPOINT WARNING * * *
The jelly is heavily wounded.
Your adder zombie bites the jelly.
Your adder zombie is burned by acid!
The jelly hits you.
* * * LOW HITPOINT WARNING * * *
The acid corrodes you!
You are splashed with acid!
You die...
Your body rises from the dead as a mindless zombie.

....# #...#
#..## ....###
##.## ..###
......## #.# .
##### .#Z##..#
#.#######..#
..... ...###.#
###).........
####. .### #Z#
##....####...
#.. .# #.#
##...### .# #.#
.#
#Z###..#.#####.#
#. .##
#.##Z.####ZhJ..#
. ..#
#.##Z##.ZZZZ#..#
# #.#
#.#Z##..###Z#..#
## #. #.#
#..##..## ..#.##
# #.... #.#
##.#..## ..##.#
.. ..... #.#
#.#.## ... .#
... ##..##
#.#######.# ...#
## ..#...#)
#..#..Z#Z.#...#
...##.
##.#Z###....##
.. #.#..


You could see a jelly (ally target), a friendly spectral quasit, a friendly
spectral ufetubus, a friendly iguana zombie, a friendly adder zombie, a friendly
endoplasm zombie and a friendly giant cockroach zombie.

Vanquished Creatures
  2 quasits (D:4)
  An iguana (D:4)
  An orc wizard (D:4)
  5 adders
  2 shadow imps (D:4)
  An ufetubus (D:4)
  A worm (D:2)
  A dart slug (D:3)
  6 ball pythons
  11 endoplasms
  3 giant cockroaches
  9 goblins
  12 hobgoblins
  6 jackals
  4 kobolds
  6 quokkas
  8 bats
  2 frilled lizards (D:1)
  3 rats
84 creatures vanquished.

Vanquished Creatures (collateral kills)
  2 adders (D:4)
  An endoplasm (D:4)
  2 giant cockroaches
  A goblin (D:3)
  A ball python (D:4)
7 creatures vanquished.

Vanquished Creatures (others)
  A spectral shadow imp (D:4)
  An orc zombie (D:4)
  A ball python zombie (D:4)
  An endoplasm zombie (D:4)
  A giant cockroach zombie (D:4)
  A goblin zombie (D:4)
  2 hobgoblin zombies (D:4)
  A jackal zombie (D:4)
  A quokka zombie (D:3)
10 creatures vanquished.

Grand Total: 101 creatures vanquished

Notes
Turn   | Place    | Note
-------+----------+-------------------------------------------
     0 | D:1      | Hubris850 the Gargoyle Shapeshifter began the quest for the
                  | Orb.
     0 | D:1      | Reached XP level 1. HP: 12/12 MP: 1/1
   288 | D:1      | Reached XP level 2. HP: 14/16 MP: 2/2
   417 | D:1      | Reached XP level 3. HP: 14/20 MP: 3/3
  1050 | D:2      | Learned a level 2 spell: Poisonous Vapours
  1094 | D:2      | Reached XP level 4. HP: 24/25 MP: 4/4
  1247 | D:2      | Reached skill level 4 in Unarmed Combat
  1497 | D:2      | Found a faded altar of an unknown god.
  1509 | D:2      | Prayed at the altar of an unknown god.
  1509 | D:2      | Became a worshipper of Yredelemnul the Dark
  1509 | D:2      | Reached * piety under Yredelemnul
  1855 | D:3      | Found Vosera's Distillery.
  1884 | D:3      | Reached XP level 5. HP: 29/29 MP: 6/6
  2182 | D:4      | Reached skill level 1 in Spellcasting
  2182 | D:4      | Reached skill level 1 in Air Magic
  2182 | D:4      | Reached skill level 1 in Poison Magic
  2449 | D:4      | Found a bloodstained altar of Trog.
  2493 | D:4      | Reached XP level 6. HP: 32/34 MP: 8/8
  2505 | D:4      | Reached ** piety under Yredelemnul
  2563 | D:4      | Splashed by a jelly's acid

Illustrated notes

Levels and vault maps discovered:
D:1:      dpeg_cavernosity, layout_loops_ring
D:2:      layout_basic, dreamdust_ecumenical_altar_statues,
          hangedman_abyss_or_decor_stabs
D:3:      layout_basic, serial_shops, shop
D:4:      minmay_evil_eye, layout_rooms, general_overflow_altar,
          nicolae_overflow_hidden_temple, serial_demonic, serial_demonic_d,
          serial_demonic_g, serial_demonic_d, serial_demonic_f, minmay_ruptured

Skill      XL: |  1  2  3  4  5  6 |
---------------+-------------------+-----
Shapeshifting  | 3 |  3.6
Unarmed Combat | 4 |  4.5
Spellcasting   | 1 |  1.9
Air Magic      | 1 |  1.0
Poison Magic   | 1 2 |  2.1
Fighting       | |  1.1
Dodging        | |  1.5

Action                     |  1- 3 |  4- 6 || total
---------------------------+-------+-------++-------
  Melee: Unarmed           |   115 |   184 ||   299
         Punch             |     4 |     2 ||     6
 Invoke: Recall Undead Har |       |     1 ||     1
 Armour: Leather armour    |    56 |       ||    56
         Ring mail         |     3 |   147 ||   150
  Dodge: Dodged            |    73 |   140 ||   213

Table legend: (Time is in decaauts)
 A = Elapsed time spent in this place.
 B = Non-inter-level travel time spent in this place.
 C = Inter-level travel time spent in this place.
 D = Time resting spent in this place.
 E = Time spent auto-exploring this place.
 F = Levels seen in this place.
 G = Mean time per level.
                   A        B        C        D        E       F      G
               +--------+--------+--------+--------+--------+-----+--------+
         Total |   2540 |   2454 |     86 |      3 |   1868 |   4 |  635.0 |
       Dungeon |   2540 |   2454 |     86 |      3 |   1868 |   4 |  635.0 |
               +--------+--------+--------+--------+--------+-----+--------+

Top non-repeatable levels by time:
     D:1: 993 daAuts
     D:2: 754 daAuts
     D:3: 407 daAuts
     D:4: 385 daAuts
